 Dungeon Crawl Stone Soup version 0.30-a0-908-g5a111fc481 (webtiles) character file.

Game seed: 11795702771838336341

25 theswoord the Slasher (level 3, -3/23 HPs)
             Began as a Gargoyle Berserker on Mar 19, 2023.
             Was a Follower of Trog.
             Slain by Jessica
             ... wielding a +0 club
              (7 damage)
             ... on level 2 of the Dungeon.
             The game lasted 00:01:37 (997 turns).

theswoord the Slasher (Gargoyle Berserker)           Turns: 997, Time: 00:01:37

Health: -3/23      AC:  5    Str: 22    XL:     3   Next: 4%
Magic:  3/3        EV: 11    Int:  7    God:    Trog [*.....]
Gold:   77         SH:  0    Dex:  9    Spells: 2/2 levels left

rFire   . . .      SeeInvis .    a - +0 falchion
rCold   . . .      Faith    .    (no shield)
rNeg    + . .      Spirit   .    b - +0 animal skin
rPois   ∞          Reflect  .    (no helmet)
rElec   +          Rampage  .    (no cloak)
rCorr   .                        (no gloves)
Will    .....                    (no boots)
Stlth   +                        (no amulet)
HPRegen 0.23/turn                (no ring)
MPRegen 0.08/turn                (no ring)

@: on berserk cooldown, slowed, very slow
A: sickness immunity, AC +3, negative energy resistance 1, electricity
resistance, torment resistance 1, petrification resistance
a: Renounce Religion, Berserk


You were on level 2 of the Dungeon.
You worshipped Trog.
Trog was aware of your devotion.
You visited 1 branch of the dungeon, and saw 2 of its levels.

You collected 77 gold pieces.

Inventory:

Hand Weapons
 a - a +0 falchion (weapon)
Armour
 b - a +0 animal skin (worn)
 h - a +0 pair of boots
Scrolls
 c - 2 scrolls of teleportation {unknown}
 e - a scroll of fear {unknown}
Potions
 d - a potion of heal wounds {unknown}
 f - a potion of resistance {unknown}
 g - a potion of mutation {unknown}
 i - a potion of attraction {unknown}


   Skills:
 - Level 3.2 Fighting
 + Level 3.7 Long Blades
 - Level 2.1 Armour
 - Level 1.5 Dodging


You had 2 spell levels left.
You didn't know any spells.
Your spell library was empty.

Dungeon Overview and Level Annotations

Branches:
Dungeon (2/15)

Altars:

Annotations:
D:2 Jessica


Innate Abilities, Weirdness & Mutations

You are immune to sickness and miasma.
Your stone body is resilient. (AC +3)
You are immune to poison.
You resist negative energy. (rN+)
You are resistant to electric shocks. (rElec)
You are resistant to unholy torment.
You are immune to petrification.


Message History

Trog accepts your kill.
Jessica gestures wildly while chanting.
Jessica blinks!
No target in view!
No target in view!
No target in view!
Calm down first, please.
Calm down first, please.
No target in view!
You are no longer berserk.
You are exhausted.
You feel yourself slow down.
No target in view!
Jessica says, "Why did you come here?"
Jessica mumbles some strange words.
Jessica blinks!
You closely miss Jessica. Jessica hits you with a +0 club.
Jessica drinks a potion.
Jessica seems to grow stronger.
Jessica hits you with a +0 club.
You hit Jessica.
Jessica gestures wildly while chanting.
Jessica blinks!
Jessica gestures wildly while chanting.
Jessica blinks!
You closely miss Jessica.
Jessica is no longer moving quickly.
Jessica hits you but does no damage. Jessica hits you with a +0 club.
You hit Jessica. Jessica hits you with a +0 club.
Jessica casts a spell.
Jessica seems to speed up.
You closely miss Jessica. Jessica hits you with a +0 club.
* * * LOW HITPOINT WARNING * * *
Jessica hits you with a +0 club.
* * * LOW HITPOINT WARNING * * *
Okay, then.
You hit Jessica. Your punch misses Jessica.
Jessica hits you but does no damage. x2; Jessica hits you with a +0 club.
* * * LOW HITPOINT WARNING * * *
You hit Jessica but do no damage. Jessica barely misses you.
Jessica hits you with a +0 club!
You die...

# #.##### ..
#.....#####....
#........... ########
#..#####.... #......####
#.@#.#...... #.##......#
###.@#........
#......###.....†$..##..
#......................
.##......................
................##........
..........................
...............###........
............###...........


You could see Jessica (fast, strong).

Vanquished Creatures
  An orc (D:2)
  3 bats (D:1)
  An endoplasm (D:1)
  2 hobgoblins (D:1)
  2 jackals (D:2)
  2 kobolds (D:2)
  A quokka (D:1)
  2 ball pythons (D:1)
  A frilled lizard (D:1)
  5 goblins
  2 rats
22 creatures vanquished.

Notes
Turn   | Place    | Note
-------+----------+-------------------------------------------
     0 | D:1      | theswoord the Gargoyle Berserker began the quest for the
                  | Orb.
     0 | D:1      | Reached XP level 1. HP: 14/14 MP: 1/1
   411 | D:1      | Reached XP level 2. HP: 11/19 MP: 2/2
   878 | D:2      | Reached XP level 3. HP: 9/23 MP: 3/3
   972 | D:2      | Noticed Jessica
   997 | D:2      | Slain by Jessica

Skill      XL: |  1 |
---------------+----+-----
Long Blades    | 3 |  3.7
Fighting       | |  3.2
Armour         | |  2.1
Dodging        | |  1.5

Action                     || total
---------------------------++-------
  Melee: Falchion          ||    83
         Punch             ||     1
 Invoke: Berserk           ||     2
 Armour: Animal skin       ||    34
  Dodge: Dodged            ||    50

Levels and vault maps discovered:
D:1:      lightli_arrival_flooded_house, layout_basic, serial_forest,
          infiniplex_forest_straight_5, infiniplex_forest_straight_2,
          infiniplex_forest_clump_tiny, infiniplex_forest_clump_C,
          infiniplex_forest_end_double, infiniplex_forest_straight_2
D:2:      minmay_angry_zag, layout_basic, uniq_jessica, uniq_robin
